 Dungeon Crawl Stone Soup version 0.26-a0-712-ga5a9c9c9d0 (webtiles) character file.

Game seed: 1921390456042364419

84 gbos the Digger (level 4, -4/27 HPs)
             Began as a Gargoyle Earth Elementalist on Nov 11, 2020.
             Killed by divine providence
             ... invoked by an orc priest
              (10 damage)
             ... on level 2 of the Dungeon.
             The game lasted 00:01:30 (1519 turns).

gbos the Digger (Gargoyle Earth Elementalist)       Turns: 1519, Time: 00:01:30

Health: -4/27      AC: 14    Str: 12    XL:     4   Next: 45%
Magic:  0/7        EV:  5    Int: 16    God:
Gold:   91         SH:  0    Dex: 10    Spells: 6/7 levels left

rFire    . . .     SeeInvis .   d - +2 dagger (drain)
rCold    + . .     Faith    .   (no shield)
rNeg     + . .     Spirit   +   g - +2 chain mail {rC+}
rPois    ∞         Reflect  .   (no helmet)
rElec    +         Harm     .   (no cloak)
rCorr    .         Rampage  .   (no gloves)
MR       .....                  (no boots)
Stlth    ..........             n - amulet of guardian spirit
HPRegen  0.09/turn              (no ring)
MPRegen  0.10/turn              (no ring)

@: no status effects
A: negative energy resistance 1, electricity resistance, unbreathing,
petrification resistance, rot immunity, AC +3
a: no special abilities


You were on level 2 of the Dungeon.
You visited 1 branch of the dungeon, and saw 2 of its levels.

You collected 91 gold pieces.


Innate Abilities, Weirdness & Mutations

You are resistant to torment.
Your stone body is resilient. (AC +3)
You are immune to poison.
You resist negative energy. (rN+)
You are resistant to electric shocks. (rElec)
You can survive without breathing.
You are immune to petrification.
You are immune to rotting.


   Skills:
 + Level 2.6 Fighting
 + Level 1.5 Armour
 - Level 1.5 Dodging
 - Level 2.1 Stealth
 - Level 2.0 Spellcasting
   Level 0.7 Transmutations
 + Level 4.8 Earth Magic


You had 6 spell levels left.
You knew the following spells:

 Your Spells              Type           Power        Failure   Level
z - Sandblast             Erth           ###...       77%         1

Your spell library contained the following spells:

 Spells                   Type           Power        Failure   Level
 Passwall                 Tmut/Erth      ##......     99%         2
 Stone Arrow              Conj/Erth      #.....       100%        3
 Petrify                  Tmut/Erth      ##......     100%        4
 Lee's Rapid Deconstruct  Erth           ###.......   100%        5

Inventory:

Hand Weapons
 d - a +2 dagger of draining (weapon)
Missiles
 b - 86 stones (quivered)
Armour
 c - a +1 robe
 g - a +2 chain mail of cold resistance (worn)
Jewellery
 n - an amulet of guardian spirit (around neck)
Wands
 m - a wand of paralysis (11)
Scrolls
 e - a scroll of immolation {!r}
 f - 2 scrolls of identify {@r1}
 h - a scroll of remove curse
 l - a scroll of teleportation {@r4}
 o - a scroll of noise {unknown}
Potions
 a - a potion of curing {unknown}
 i - 2 potions of flight
 j - 2 potions of berserk rage {unknown}
 k - a potion of lignification {unknown}

Dungeon Overview and Level Annotations

Branches:
Dungeon (2/15)

Altars:

▒.▒ ▒▒▒▒▒▒ ▒.▒ ▒.▒
▒.▒▒▒▒
▒▒▒▒....▒▒▒▒
▒.o.........
▒o▒)......▒.
▒.▒.≈...≈.▒.▒
▒8▒.......▒.▒
▒.▒.......▒.▒▒▒▒▒▒
▒.▒.......▒.......
▒.▒.≈...≈.▒..▒▒▒▒▒
▒.▒.......▒..▒
▒.▒▒.....▒▒..▒
▒.▒▒▒£⌠o▒▒▒..▒
▒..▒▒▒▒▒▒▒...▒
▒▒...........▒


You could see an orc priest and an orc.


Message History

You drain the orc priest.
The orc priest is severely wounded.
The orc priest hits you but does no damage.
The orc priest begins to cast a cantrip, but forgets the words!
You closely miss the orc priest.
The orc priest is severely wounded.
The orc priest hits you but does no damage.
The orc priest mumbles some strange prayers to Beogh against you.
Beogh smites you!
Ouch! That really hurt!
* * * LOW HITPOINT WARNING * * *
You hit the orc priest.
The orc priest is almost dead.
The orc priest barely misses you.
The orc priest hits you but does no damage.
The orc priest hits you but does no damage.
You hit the orc priest.
You kill the orc priest!
You have reached level 4!
You feel stronger. The orc priest barely misses you.
The orc priest barely misses you. The orc hits you but does no damage.
The orc priest hits you with a +0 mace.
* * * LOW HITPOINT WARNING * * *
The orc barely misses you.
The orc priest mumbles some strange prayers to Beogh against you.
Beogh smites you!
* * * LOW MAGIC WARNING * * *
You die...

Action                   |  1- 3 |  4- 6 || total
-------------------------+-------+-------++-------
Melee: Dagger            |   105 |       ||   105
       Unarmed           |     1 |       ||     1
 Cast: Sandblast         |     1 |       ||     1
  Use: Scroll            |     7 |       ||     7
 Stab: Sleeping          |     1 |       ||     1
Armor: Robe              |    12 |       ||    12
       Chain mail        |    61 |     1 ||    62
Dodge: Dodged            |    40 |     3 ||    43

Levels and vault maps discovered:
D:1:      elethiomel_arrival_shortcut, layout_basic
D:2:      cheibrodos_pilgrimage, layout_basic

Notes
Turn   | Place    | Note
-------+----------+-------------------------------------------
     0 | D:1      | gbos the Gargoyle Earth Elementalist began the quest for
                  | the Orb.
     0 | D:1      | Reached XP level 1. HP: 10/10 MP: 3/3
   187 | D:1      | Reached skill level 1 in Fighting
   200 | D:1      | Reached skill level 4 in Earth Magic
   200 | D:1      | Reached XP level 2. HP: 13/16 MP: 5/5
   976 | D:2      | Reached XP level 3. HP: 21/21 MP: 6/6
   986 | D:2      | Reached skill level 2 in Fighting
  1152 | D:2      | Reached skill level 1 in Armour
  1514 | D:2      | Reached XP level 4. HP: 9/27 MP: 3/7
  1515 | D:2      | HP: 6/27 [orc priest/+0 mace (3)]
  1519 | D:2      | Killed from afar by an orc priest

Vanquished Creatures
  An orc priest (D:2)
  3 adders (D:2)
  A dart slug (D:2)
  A leopard gecko (D:1)
  2 goblins
  4 hobgoblins
  3 jackals (D:2)
  3 kobolds
  A quokka (D:2)
  3 bats
  3 frilled lizards
  3 rats
28 creatures vanquished.
